 Dungeon Crawl Stone Soup version 0.28-a0-1389-gc726bef33b (webtiles) character file.

Game seed: 11630114702442544374

2599 ryw the Skirmisher (level 9, -2/65 (75) HPs)
             Began as a Demigod Fighter on Jan 3, 2022.
             Slain by a wight (14 damage)
             ... on level 6 of the Dungeon.
             The game lasted 00:12:47 (7450 turns).

ryw the Skirmisher (Demigod Fighter)                Turns: 7450, Time: 00:12:48

HP:   -2/65 (75)    AC:  7    Str: 25    XL:     9   Next: 11%
MP:   11/11         EV: 12    Int: 14    God:
Gold: 51            SH:  6    Dex: 13    Spells: 8/8 levels left

rFire   . . .      SeeInvis .   u - +8 dagger "Worm" {distort, rElec}
rCold   . . .      Faith    .   c - +1 buckler
rNeg    . . .      Spirit   .   B - +0 troll leather armour
rPois   .          Reflect  .   (no helmet)
rElec   +          Harm     .   q - +2 cloak {Will+}
rCorr   .          Rampage  .   (no gloves)
Will    +....                   (no boots)
Stlth   ++........              (no amulet)
HPRegen 1.00/turn               (no ring)
MPRegen 0.12/turn               (no ring)

@: lethally poisoned (-2 -> -3), heavily drained
A: high mp 1, forlorn, divine attributes
a: no special abilities


You were on level 6 of the Dungeon.
You visited 1 branch of the dungeon, and saw 6 of its levels.
You also visited: Ossuary.

You collected 246 gold pieces.
You spent 195 gold pieces at shops.

Inventory:

Hand Weapons
 f - a +2 war axe of flaming
 g - a +0 war axe
 u - the +8 dagger "Worm" (weapon) {distort, rElec}
   (You found it on level 5 of the Dungeon)

   It warps and distorts space around it, and may blink, banish, or inflict
   extra damage upon those it strikes.
   Unwielding it can cause banishment or high damage.
   rElec:     It insulates you from electricity.
Missiles
 e - 4 curare-tipped darts (quivered)
 k - 10 poisoned darts
Armour
 b - a +0 scale mail
 c - a +1 buckler (worn)
 l - a +0 kite shield
 q - a +2 cloak of willpower (worn)
 y - an orb of wrath
 B - a +0 troll leather armour (worn)
Jewellery
 n - a +4 ring of protection
Wands
 a - a wand of flame (9)
 o - a wand of polymorph (18)
 v - a wand of iceblast (8)
Scrolls
 d - 2 scrolls of identify
 p - a scroll of teleportation
 r - a scroll of vulnerability
 t - a scroll of enchant armour
 D - 2 scrolls of enchant weapon
Potions
 h - 2 potions of flight {unknown}
 i - 2 potions of haste {unknown}
 j - 6 potions of curing
 m - a potion of attraction {unknown}
 s - 5 potions of might
 w - 2 potions of mutation {unknown}
 x - 2 potions of berserk rage {unknown}
 z - 2 potions of lignification {unknown}
 A - 2 potions of heal wounds {unknown}
 C - a potion of magic {unknown}


   Skills:
 - Level 6.1 Fighting
 * Level 5.3 Short Blades
 - Level 5.1 Axes
 - Level 4.3 Armour
 + Level 3.3 Dodging
 + Level 4.0 Stealth
 - Level 4.3 Shields


You had 8 spell levels left.
You didn't know any spells.
Your spell library contained the following spells:

 Spells                   Type           Power      Damage    Failure   Level
 Sandblast                Erth           0%         2d4       32%         1
 Slow                     Hex            0%         N/A       32%         1
 Blink                    Tloc           0%         N/A       43%         2
 Ensorcelled Hibernation  Hex/Ice        0%         N/A       43%         2
 Passwall                 Tmut/Erth      0%         N/A       43%         2
 Sublimation of Blood     Necr           0%         N/A       43%         2
 Wereblood                Tmut           0%         N/A       43%         2
 Confusing Touch          Hex            0%         N/A       67%         3
 Conjure Flame            Conj/Fire      0%         6-21      67%         3
 Frozen Ramparts          Ice            0%         1d2       67%         3
 Ignite Poison            Fire/Tmut/Pois 0%         N/A       67%         3
 Mephitic Cloud           Conj/Pois/Air  0%         N/A       67%         3
 Stone Arrow              Conj/Erth      0%         3d7       67%         3
 Tukima's Dance           Hex            0%         N/A       67%         3
 Vampiric Draining        Necr           0%         2d6       67%         3
 Ice Form                 Ice/Tmut       0%         N/A       97%         4
 Sticky Flame             Conj/Fire      0%         2d3       97%         4
 Summon Ice Beast         Ice/Summ       0%         N/A       97%         4
 Freezing Cloud           Conj/Ice/Air   0%         6-21      100%        5
 Manifold Assault         Tloc           0%         N/A       100%        5
 Enfeeble                 Hex            0%         N/A       100%        7
 Storm Form               Tmut/Air       0%         N/A       100%        7
 Summon Hydra             Summ           0%         N/A       100%        7


Dungeon Overview and Level Annotations

Branches:
Dungeon (6/15)             Temple (0/1) D:5         Ossuary (visited)

Shops:
D:5 !   D:6 !


Innate Abilities, Weirdness & Mutations

You have an increased reservoir of magic. (+10% MP)
You shall have no god before yourself.
Your divine heritage dramatically boosts your attributes as you level up.


Message History

A wight comes into view. It is wielding a +2 halberd.
The adder hisses angrily.
The wight hits you with a +0 flail.
You feel drained.
The wight closely misses you. x2; The adder bites you but does no damage.
You hit the wight.
Space warps horribly around the wight!
The wight is almost destroyed.
The wight misses you. The wight closely misses you. x2
The adder bites you but does no damage.
You hit the wight but do no damage.
Space warps around the wight.
You destroy the wight!
The wight hits you with a +0 flail.
You feel drained.
The wight hits you from afar with a +2 halberd!
You feel drained. The adder bites you but does no damage.
Your Stealth skill increases to level 4!
You barely miss the wight. The wight hits you with a +0 flail.
You feel drained. You block the adder's attack. You block the wight's attack.
You barely miss the wight. The wight barely misses you.
The adder closely misses you.
You hit the wight but do no damage.
The wight blinks!
The wight closely misses you.
The wight hits you from afar with a +2 halberd!
You hit the wight.
The wight is moderately damaged.
The wight blinks!
The adder bites you.
You are poisoned.
The adder poisons you!
The wight hits you from afar with a +2 halberd!
You feel drained.
You feel sick. You block the adder's attack. You block the wight's attack.
You open the door.
You feel sick.
The wight hits you with a +0 dire flail of protection!
* * * LOW HITPOINT WARNING * * *
You feel drained.
* * * LOW HITPOINT WARNING * * *
You block the adder's attack. You block the wight's attack.
You feel sick. The wight closely misses you.
There is an open door here.
You feel sick.
The wight hits you from afar with a +2 halberd!
You die...

###........#
..........+
#........#
###
#........#
..#
#...)....#
..#
#..S.....#
..#
#..z.z...# #
..#
###z###.##.#
..#
#.@......#
#.#
#####.####
#.# #.# #.#
#.#
#.#######
#.#
.........
#.#
#........
#.#
....#####.
#.#
....)..##.#
#.#


You could see 2 wights and an adder.

Vanquished Creatures
  A troll (D:6)
  Sigmund (D:2)
  Menkaure (D:4)
  2 water moccasins (D:6)
  3 black bears
  A hornet zombie (D:6)
  An ogre (D:5)
  A necrophage (D:6)
  The ghost of bearlyready the Magician, an amateur DjAE (D:3)
  A phantom (D:5)
  2 elf zombies (Ossuary)
  2 scorpions
  A water moccasin zombie (D:6)
  2 wights (D:6)
  A howler monkey (D:4)
  3 bullfrog zombies
  A hound (D:6)
  A human zombie (D:6)
  A bullfrog skeleton (D:5)
  2 centaur zombies
  An iguana (D:6)
  4 mummies
  A hound skeleton (D:4)
  A howler monkey zombie (D:6)
  A howler monkey skeleton (D:5)
  7 adders
  An ufetubus (D:6)
  3 adder zombies (Ossuary)
  2 worms
  3 dart slugs
  10 orcs
  10 bats
  10 endoplasms
  5 giant cockroaches
  8 goblins
  6 hobgoblins
  2 jackals (D:2)
  4 kobolds
  6 quokkas
  4 ball pythons
  2 frilled lizards
  2 goblin zombies (Ossuary)
  11 hobgoblin zombies (Ossuary)
  7 kobold zombies (Ossuary)
  5 orc zombies (Ossuary)
  7 rats
  A rat zombie (Ossuary)
153 creatures vanquished.

Vanquished Creatures (others)
  An adder (D:4)
  5 plants
6 creatures vanquished.

Grand Total: 159 creatures vanquished

Notes
Turn   | Place    | Note
-------+----------+-------------------------------------------
     0 | D:1      | ryw the Demigod Fighter began the quest for the Orb.
     0 | D:1      | Reached XP level 1. HP: 18/18 MP: 3/3
    18 | D:1      | Reached skill level 3 in Fighting
   336 | D:1      | Reached XP level 2. HP: 26/26 MP: 4/4
  1017 | D:1      | Reached XP level 3. HP: 32/33 MP: 5/5
  1248 | D:2      | Reached skill level 4 in Fighting
  1570 | D:2      | Noticed Sigmund
  1590 | D:2      | Killed Sigmund
  1591 | D:2      | Reached skill level 5 in Fighting
  1591 | D:2      | Reached XP level 4. HP: 26/44 MP: 6/6
  1591 | D:2      | Reached XP level 5. HP: 30/50 MP: 7/7
  2189 | D:3      | Found a runed translucent door.
  3335 | D:3      | Noticed bearlyready's ghost (amateur DjAE)
  3350 | D:3      | Killed bearlyready's ghost
  3351 | D:3      | Reached skill level 6 in Fighting
  3351 | D:3      | Reached XP level 6. HP: 18/57 MP: 8/8
  3941 | D:4      | Noticed Menkaure
  3950 | D:4      | Killed Menkaure
  4037 | D:4      | Reached XP level 7. HP: 44/63 MP: 9/9
  4484 | D:5      | Entered Level 5 of the Dungeon
  4639 | D:5      | Found Dizol's Distillery.
  4649 | D:5      | Bought a potion of might for 52 gold pieces
  4649 | D:5      | Bought a potion of curing for 39 gold pieces
  4826 | D:5      | Reached skill level 5 in Axes
  5015 | D:5      | Identified the +8 dagger "Worm" {distort, rElec}
  5368 | D:5      | Found a staircase to the Ecumenical Temple.
  5509 | D:5      | Reached skill level 1 in Short Blades
  5874 | D:6      | Reached skill level 1 in Stealth
  5874 | D:6      | Reached XP level 8. HP: 39/70 MP: 10/10
  5921 | D:6      | Found a sand-covered staircase.
  5971 | Ossuary  | Entered an ossuary
  6239 | Ossuary  | Reached skill level 1 in Dodging
  7097 | D:6      | Noticed a troll
  7103 | D:6      | Killed a troll
  7104 | D:6      | Reached skill level 5 in Short Blades
  7104 | D:6      | Reached XP level 9. HP: 65/75 MP: 11/11
  7163 | D:6      | Found Icsat's Distillery.
  7175 | D:6      | Bought 2 potions of might for 104 gold pieces
  7450 | D:6      | Slain by a wight

Illustrated notes

Levels and vault maps discovered:
D:1:      co_arrival_hexagon_in_a_hexagon, layout_loops_cross
D:2:      layout_loops_ring, kennysheep_nub, uniq_sigmund
D:3:      layout_basic, nicolae_sif_muna_condensation, ebering_ghost_sewer_d,
          minmay_surrounded
D:4:      layout_loops_cross, mainiacjoe_overflow_catwalk, trog_ov_bears_minmay,
          minmay_misc_feat_tiny, lemuel_flame_loot_1, uniq_menkaure
D:5:      minmay_general_purpose_star, layout_cave_pools,
          nicolae_overflow_crystal_walls, nicolae_dithmenos_shadow_blocks,
          kennysheep_mini, minmay_temple_entry_overgrown, serial_shops,
          nicolae_diamond_shop, serial_bayou_ford_a, kennysheep_minor_cross
D:6:      layout_basic, nicolae_overflow_hidden_temple,
          lemuel_mausoleum_altar_yredelemnul, serial_shops, nicolae_shop_trees,
          nicolae_ossuary_entry_plus

Skill      XL: |  1  2  3  4  5  6  7  8  9 |
---------------+----------------------------+-----
Fighting       | 3 5 6 |  6.1
Axes           | 2 4 5 |  5.1
Armour         | 3 4 |  4.3
Shields        | 3 4 |  4.3
Short Blades   | 1 5 |  5.3
Stealth        | 1 3 4 |  4.0
Dodging        | 3 |  3.3

Action                   |  1- 3 |  4- 6 |  7- 9 || total
-------------------------+-------+-------+-------++-------
Melee: War axe           |   110 |    94 |    28 ||   232
       Dagger            |       |       |   182 ||   182
  Use: Scroll            |     1 |     3 |     6 ||    10
       Potion            |       |     1 |       ||     1
 Stab: Sleeping          |       |       |     1 ||     1
Armor: Scale mail        |    65 |    31 |    11 ||   107
       Leather armour    |       |       |    32 ||    32
       Troll leather arm |       |       |     4 ||     4
Dodge: Dodged            |    53 |    36 |    76 ||   165
Block: Buckler           |    29 |    31 |    46 ||   106

Table legend: (Time is in decaauts)
 A = Elapsed time spent in this place.
 B = Non-inter-level travel time spent in this place.
 C = Inter-level travel time spent in this place.
 D = Time resting spent in this place.
 E = Time spent auto-exploring this place.
 F = Levels seen in this place.
 G = Mean time per level.
                   A        B        C        D        E       F      G
               +--------+--------+--------+--------+--------+-----+--------+
         Total |   7537 |   7248 |    289 |    621 |   5496 |   7 | 1076.7 |
       Dungeon |   7147 |   6858 |    289 |    514 |   5340 |   6 | 1191.2 |
       Ossuary |    390 |    390 |      0 |    107 |    156 |   1 |  390.0 |
               +--------+--------+--------+--------+--------+-----+--------+

Top non-repeatable levels by time:
     D:3: 1537 daAuts
     D:5: 1262 daAuts
     D:1: 1197 daAuts
     D:6: 1195 daAuts
     D:2: 1001 daAuts
     D:4: 952 daAuts
 Ossuary: 390 daAuts
